 Dungeon Crawl Stone Soup version 0.29-a0-334-gb41bcbb86e (webtiles) character file.

Game seed: 17709953196549636584

1928 Jortsu the Cudgeller (level 8, -3/79 HPs)
             Began as a Troll Fighter on Apr 15, 2022.
             Was an Elder of Okawaru.
             Slain by a steam dragon (9 damage)
             ... on level 7 of the Dungeon.
             The game lasted 00:11:35 (5419 turns).

Jortsu the Cudgeller (Troll Fighter)                Turns: 5419, Time: 00:11:36

Health: -3/79      AC:  6    Str: 23    XL:     8   Next: 96%
Magic:  7/7        EV: 10    Int:  4    God:    Okawaru [****..]
Gold:   494        SH:  5    Dex:  9    Spells: 7/7 levels left

rFire   . . .      SeeInvis .   b - +1 giant spiked club
rCold   . . .      Faith    .   (shield currently unavailable)
rNeg    + . .      Spirit   .   r - +1 robe {rN+}
rPois   .          Reflect  +   (helmet restricted)
rElec   .          Harm     .   l - +0 cloak
rCorr   .          Rampage  .   (gloves unavailable)
Will    .....                   (boots unavailable)
Stlth   +.........              o - amulet of reflection
HPRegen 1.03/turn               (no ring)
MPRegen 0.10/turn               (no ring)

@: unable to read
A: large, unfitting armour, claws 3, regeneration 1, shaggy fur 1, tough skin 1,
clumsy 1, weak 1, inability to read while threatened
a: Renounce Religion, Heroism, Finesse


You were on level 7 of the Dungeon.
You worshipped Okawaru.
Okawaru was greatly pleased with you.
You visited 2 branches of the dungeon, and saw 8 of its levels.
You also visited: Ossuary.

You collected 582 gold pieces.
You spent 88 gold pieces at shops.

Inventory:

Hand Weapons
 a - a +1 flail
 b - a +1 giant spiked club (weapon)
 j - the +8 war axe of Tenacity {freeze, rPois}
   (You found it on level 2 of the Dungeon)

   It freezes those it strikes, dealing additional cold damage.
   It can also slow down cold-blooded creatures.
   rPois:     It protects you from poison.
Armour
 c - a +0 kite shield
 l - a +0 cloak (worn)
 r - a +1 robe of positive energy (worn)
Jewellery
 o - an amulet of reflection (around neck)
Wands
 s - a wand of flame (26)
 x - a wand of iceblast (5)
Scrolls
 f - a scroll of torment
 u - 2 scrolls of fog
 w - 3 scrolls of fear
 y - a scroll of amnesia
 D - a scroll of teleportation
Potions
 d - 2 potions of might
 e - 2 potions of lignification
 g - 3 potions of resistance
 h - 9 potions of curing
 i - 3 potions of cancellation
 m - a potion of berserk rage
 n - a potion of heal wounds {unknown}
 p - 2 potions of degeneration {unknown}
 q - a potion of ambrosia
 t - a potion of brilliance {unknown}
 v - a potion of invisibility {unknown}
 B - 3 potions of flight


   Skills:
 + Level 4.6 Fighting
 + Level 3.8(5.2) Axes
 + Level 5.9(6.5) Maces & Flails
 + Level 4.7 Dodging
 + Level 1.3 Stealth
 + Level 4.3 Shields


You had 7 spell levels left.
You didn't know any spells.
Your spell library contained the following spells:

 Spells                   Type           Power      Damage    Failure   Level
 Sandblast                Erth           0%         2d4       50%         1
 Passwall                 Tmut/Erth      0%         N/A       65%         2
 Scorch                   Fire           0%         2d5       65%         2
 Confusing Touch          Hex            0%         N/A       86%         3
 Ozocubu's Armour         Ice            0%         N/A       86%         3
 Stone Arrow              Conj/Erth      0%         3d7       86%         3
 Flame Wave               Conj/Fire      0%         2d4       99%         4
 Yara's Violent Unravell  Hex/Tmut       0%         3d3       100%        5
 Enfeeble                 Hex            0%         N/A       100%        7
 Ozocubu's Refrigeration  Ice            0%         4d5       100%        7
 Summon Cactus Giant      Summ           Unusable   N/A       N/A         6

Dungeon Overview and Level Annotations

Branches:
Dungeon (7/15)             Temple (1/1) D:5         Ossuary (visited)

Altars:
Okawaru

Shops:
D:3 :   D:4 [   D:6 *


Innate Abilities, Weirdness & Mutations

You are too large for most types of armour.
You have claws for hands.
Your natural rate of healing is unusually fast.
You are covered in fur. (AC +1)
You have tough skin. (AC +1)
You are clumsy. (Dex -2)
You are weak. (Str -2)
You sometimes lose the ability to read scrolls when taking damage.


Message History

The steam dragon is heavily wounded.
You are engulfed in a cloud of scalding steam.
The orc is engulfed in a cloud of scalding steam.
The orc hits you with a +0 flail.
The steam dragon bites you but does no damage.
The steam dragon claws you.
The orc is engulfed in a cloud of scalding steam.
The orc dies!
The steam dragon closely misses you. The steam dragon barely misses you.
You barely miss the steam dragon.
The steam dragon is heavily wounded.
The steam dragon breathes steam at you. The ball of steam hits you!!
You feel threatened and lose the ability to read scrolls!
You block the steam dragon's attack.
The steam dragon claws you but does no damage.
You puncture the steam dragon!
The steam dragon is almost dead.
You block the steam dragon's attack. The steam dragon claws you.
The steam dragon breathes steam at you. The ball of steam hits you!!
* * * LOW HITPOINT WARNING * * *
You closely miss the steam dragon.
The steam dragon is almost dead.
You are engulfed in a cloud of scalding steam.
* * * LOW HITPOINT WARNING * * *
The steam dragon bites you.
* * * LOW HITPOINT WARNING * * *
The steam dragon claws you.
* * * LOW HITPOINT WARNING * * *
The steam dragon bites you.
* * * LOW HITPOINT WARNING * * *
The steam dragon barely misses you.
Things that are here:
a +0 flail; an orc corpse You hit the steam dragon.
The steam dragon is almost dead.
The steam dragon misses you. The steam dragon barely misses you.
The steam dragon bites you!
You die...

## #.. #.# #.#
##
#######.######
.#
........D.§..#
.#
........@.§..#
.#
.............#
.#
.....#.######
.# .... #.# .#
... #.# .# ..
#.# .# . #.#
.## #.########
..# #........#


You could see a steam dragon.

Vanquished Creatures
  Grinder (D:3)
  Duvessa (D:4)
  2 sky beasts
  A black bear (D:5)
  An ice beast (D:5)
  An ogre (D:5)
  2 necrophages (D:5)
  A bullfrog (D:7)
  4 scorpions
  Dowan (D:4)
  2 howler monkeys
  An electric eel (D:7)
  2 jellies
  2 hounds
  2 orc priests (D:7)
  Crazy Yiuf (D:2)
  2 iguanas
  An orc wizard (D:3)
  8 mummies (Ossuary)
  6 adders
  7 gnolls
  An ufetubus (D:5)
  A worm (D:4)
  5 dart slugs
  7 orcs
  6 ball pythons
  6 endoplasms
  2 gnoll zombies (Ossuary)
  7 hobgoblins
  7 jackals
  7 quokkas
  4 bats
  5 frilled lizards
  4 goblins
  3 hobgoblin zombies (Ossuary)
  5 kobolds
  3 kobold zombies (Ossuary)
  5 rats
127 creatures vanquished.

Vanquished Creatures (others)
  3 orcs (D:7)
  A fungus (D:2)
  9 plants
13 creatures vanquished.

Grand Total: 140 creatures vanquished

Notes
Turn   | Place    | Note
-------+----------+-------------------------------------------
     0 | D:1      | Jortsu the Troll Fighter began the quest for the Orb.
     0 | D:1      | Reached XP level 1. HP: 22/22 MP: 0/0
   135 | D:1      | Reached XP level 2. HP: 29/29 MP: 1/1
   202 | D:1      | Reached skill level 2 in Maces & Flails
   398 | D:1      | Reached XP level 3. HP: 36/36 MP: 2/2
   903 | D:2      | Found a faded altar of an unknown god.
  1068 | D:2      | Prayed at the altar of an unknown god.
  1068 | D:2      | Became a worshipper of Warmaster Okawaru
  1068 | D:2      | Reached * piety under Okawaru
  1136 | D:2      | Identified the +8 war axe of Tenacity {freeze, rPois}
  1370 | D:2      | Found a runed translucent door.
  1371 | D:2      | Noticed Crazy Yiuf
  1379 | D:2      | Killed Crazy Yiuf
  1380 | D:2      | Reached XP level 4. HP: 12/44 MP: 1/3
  1962 | D:3      | Noticed Grinder
  1970 | D:3      | Killed Grinder
  1970 | D:3      | Reached ** piety under Okawaru
  1971 | D:3      | Reached skill level 1 in Axes
  1971 | D:3      | Reached skill level 3 in Maces & Flails
  1971 | D:3      | Reached XP level 5. HP: 43/53 MP: 4/4
  1971 | D:3      | Reached XP level 6. HP: 49/61 MP: 5/5
  2036 | D:3      | Found Yngats's Book Shop.
  2445 | D:4      | Found Asoyz's Antique Armour Emporium.
  2455 | D:4      | Bought an embroidered robe for 88 gold pieces
  2745 | D:4      | Noticed Dowan
  2746 | D:4      | Noticed Duvessa
  2767 | D:4      | Killed Duvessa
  2767 | D:4      | Killed Dowan
  2768 | D:4      | Reached XP level 7. HP: 20/67 MP: 6/6
  3206 | D:5      | Entered Level 5 of the Dungeon
  3508 | D:5      | Reached skill level 1 in Stealth
  3518 | D:5      | Reached *** piety under Okawaru
  3519 | D:5      | Reached skill level 4 in Maces & Flails
  3519 | D:5      | Reached XP level 8. HP: 54/78 MP: 7/7
  3722 | D:5      | Found a staircase to the Ecumenical Temple.
  3915 | Temple   | Entered the Ecumenical Temple
  4253 | D:6      | Found Vilaemiw's Fire Supplies.
  4258 | D:6      | Reached skill level 5 in Maces & Flails
  4414 | D:6      | Found a sand-covered staircase.
  4421 | Ossuary  | Entered an ossuary
  5178 | D:7      | Gained mutation: You are partially covered in iridescent
                  | scales. (AC +2) [potion of mutation]
  5178 | D:7      | Gained mutation: You are mostly covered in iridescent
                  | scales. (AC +4) [potion of mutation]
  5178 | D:7      | Gained mutation: You are dopey. (Int -2) [potion of
                  | mutation]
  5179 | D:7      | Lost mutation: You are mostly covered in iridescent scales.
                  | (AC +4) [potion of mutation]
  5179 | D:7      | Lost mutation: You are partially covered in iridescent
                  | scales. (AC +2) [potion of mutation]
  5179 | D:7      | Gained mutation: You sometimes lose the ability to read
                  | scrolls when taking damage. [potion of mutation]
  5179 | D:7      | Gained mutation: You are frail. (-10% HP) [potion of
                  | mutation]
  5180 | D:7      | Lost mutation: You are dopey. (Int -2) [potion of mutation]
  5180 | D:7      | Lost mutation: You are frail. (-10% HP) [potion of
                  | mutation]
  5180 | D:7      | Gained mutation: You are frail. (-10% HP) [potion of
                  | mutation]
  5180 | D:7      | Gained mutation: You are clumsy. (Dex -2) [potion of
                  | mutation]
  5180 | D:7      | Gained mutation: You are weak. (Str -2) [potion of
                  | mutation]
  5180 | D:7      | Lost mutation: You are frail. (-10% HP) [potion of
                  | mutation]
  5227 | D:7      | Reached **** piety under Okawaru
  5419 | D:7      | Slain by a steam dragon

Illustrated notes

Levels and vault maps discovered:
D:1:      elethiomel_arrival_shortcut, layout_basic
D:2:      minmay_evil_eye, layout_basic, shapermc_ecumenical_altar_acropolis,
          uniq_crazy_yiuf_cottage
D:3:      layout_rooms, serial_shops, nicolae_shop_behind_doors,
          skrybe_limestone_x, minmay_misc_feat_diagonals, uniq_grinder
D:4:      layout_gridville, serial_shops, nicolae_shop_waterfront, uniq_duvessa
D:5:      layout_loops_cross, minmay_temple_entry_gardened_gates,
          amcnicky_mini_pool_small, corexii_item_surrounded_by_moat,
          kennysheep_generic_room_15
D:6:      layout_basic, grunt_temple_overflow_order_and_chaos_1,
          nicolae_ossuary_entry_monument, nicolae_shop_fire_sale
          [nicolae_sub_dead_trees]
D:7:      layout_basic, serial_bayou_ford_a, nicolae_lava_and_water,
          minmay_stone_trees_small, st_stairs_8, minmay_crossroads
Temple:   dpeg_five_rooms_temple

Skill      XL: |  1  2  3  4  5  6  7  8 |
---------------+-------------------------+-----
Maces & Flails | 2 3 4 5 |  5.9
Fighting       | 3 4 |  4.6
Axes           | 1 2 3 |  3.8
Dodging        | 3 4 |  4.7
Shields        | 3 4 |  4.3
Stealth        | 1 |  1.3

Action                   |  1- 3 |  4- 6 |  7- 9 || total
-------------------------+-------+-------+-------++-------
Melee: Flail             |   101 |       |       ||   101
       War axe           |    11 |    77 |    32 ||   120
       Giant spiked club |       |       |   201 ||   201
  Use: Scroll            |     6 |     2 |    14 ||    22
       Potion            |       |       |     3 ||     3
 Stab: Sleeping          |       |       |     2 ||     2
       Distracted        |       |       |     1 ||     1
Armor: Robe              |    49 |    22 |    96 ||   167
Dodge: Dodged            |    57 |    31 |   105 ||   193
Block: Kite shield       |    58 |    45 |    15 ||   118
       Reflection        |       |     1 |       ||     1
       Other             |       |       |    58 ||    58

Table legend: (Time is in decaauts)
 A = Elapsed time spent in this place.
 B = Non-inter-level travel time spent in this place.
 C = Inter-level travel time spent in this place.
 D = Time resting spent in this place.
 E = Time spent auto-exploring this place.
 F = Levels seen in this place.
 G = Mean time per level.
                   A        B        C        D        E       F      G
               +--------+--------+--------+--------+--------+-----+--------+
         Total |   5633 |   5506 |    127 |    531 |   3302 |   9 |  625.9 |
       Dungeon |   5292 |   5165 |    127 |    498 |   3166 |   7 |  756.0 |
        Temple |     52 |     52 |      0 |     33 |      0 |   1 |   52.0 |
       Ossuary |    288 |    288 |      0 |      0 |    136 |   1 |  288.0 |
               +--------+--------+--------+--------+--------+-----+--------+

Top non-repeatable levels by time:
     D:2: 1322 daAuts
     D:5: 996 daAuts
     D:4: 929 daAuts
     D:1: 615 daAuts
     D:7: 612 daAuts
     D:3: 450 daAuts
     D:6: 365 daAuts
 Ossuary: 288 daAuts
  Temple: 52 daAuts
